Map: Oxide LE

Players

MaSa - Winner!

  • Race: Terran Terran
  • League: Master
  • Spawn Location: 7:00

Astrea

  • Race: Protoss Protoss
  • League: Master
  • Spawn Location: 1:00

Event: DreamHack SC2 Masters 2020 Winter

VOD

Have the link to the VOD?

Description

Time

  • Played on: Oct. 27, 2020, 6:02 p.m.
  • Length: 3:41

All games in this series

Show
View Real Time Build Order
Export as new Build Order

MaSa Terran - Winner!

Build Orders:  

Get SALT Encoding   

  12  0:00  SCV  
  13  0:12  SCV  
  14  0:16  Supply Depot  
  14  0:24  SCV  
  15  0:38  SCV  
  15  0:40  Barracks  
  16  0:50  Barracks  
  16  0:58  Supply Depot  
  16  1:07  Barracks  
  16  1:18  Barracks  
  16  1:27  Marine  
  17  1:36  Orbital Command  
  17  1:42  Marine  
  17  1:45  Marine  
  19  1:53  Marine  
  20  2:01  Marine  
  20  2:03  Marine  
  20  2:07  Marine  
  23  2:11  Marine  
  23  2:13  Supply Depot  
  24  2:19  Marine  
  24  2:21  Marine  
  26  2:25  Marine  
  26  2:29  Marine  
  28  2:37  Marine  
  28  2:39  Marine  
  28  2:42  Marine  
  31  2:46  Marine  
  31  2:54  Marine  
  31  2:57  Marine  
  33  3:00  Marine  
  33  3:04  Marine  
  35  3:06  Supply Depot  
  35  3:12  Marine  
  35  3:15  Marine  
  35  3:18  Marine  
  38  3:22  Marine  
Show
View Real Time Build Order
Export as new Build Order

Astrea Protoss 

Build Orders: 1 Gate Expand, Phoenix Opening 

Get SALT Encoding   

  12  0:00  Probe  
  13  0:12  Probe  
  14  0:17  Pylon  
  14  0:24  Probe (Chrono Boost)  
  16  0:36  Gateway  
  16  0:37  Probe (Chrono Boost)  
  16  0:42  Probe (Chrono Boost)  
  16  0:45  Assimilator  
  17  0:51  Probe  
  18  1:03  Probe  
  19  1:15  Probe  
  20  1:21  Nexus  
  20  1:31  Cybernetics Core  
  20  1:34  Probe  
  21  1:40  Assimilator  
  21  1:46  Probe  
  22  1:50  Pylon  
  22  1:59  Probe  
  23  2:05  Adept (Chrono Boost)  
  23  2:07  Probe  
  25  2:15  Probe  
  26  2:17  Stargate  
  27  2:26  Probe (Chrono Boost)  
  28  2:30  Adept  
  28  2:35  Probe (Chrono Boost)  
  32  2:45  Probe (Chrono Boost)  
  32  2:46  Probe (Chrono Boost)  
  32  2:51  Probe (Chrono Boost)  
  34  2:52  Probe (Chrono Boost)  
  35  3:01  Phoenix, Probe  
  35  3:03  Probe  
  39  3:10  Gateway  
  39  3:14  Probe  
  39  3:15  Probe  
  39  3:18  Pylon  
  45  3:38  Shield Battery  
Tags
 
Add a new tag
Caveats
  • Supply blocks, unpowered buildings, or Contaminate may cause inaccurate times.
  • Supply counts are checked every 10 seconds.